 Dungeon Crawl Stone Soup version 0.31-a0-844-gdc52ec4e09 (webtiles) character file.

Game seed: 3839223479564983205

1482 kae the Cleaver (level 8, -1/67 HPs)
             Began as a Hill Orc Fighter on Sept 30, 2023.
             Was an Initiate of Qazlal.
             Slain by a killer bee (8 damage)
             ... on level 6 of the Dungeon.
             The game lasted 00:06:04 (5529 turns).

kae the Cleaver (Hill Orc Fighter)                  Turns: 5529, Time: 00:06:05

Health: -1/67      AC:  9    Str: 21    XL:     8   Next: 79%
Magic:  0/10       EV: 14    Int:  8    God:    Qazlal [......]
Gold:   199        SH:  4    Dex: 10    Spells: 7/7 levels left

rFire   . . .        r - +1 war axe (flame)
rCold   . . .        c - +0 buckler
rNeg    . . .        b - +0 scale mail
rPois   .            (no helmet)
rElec   .            j - +0 cloak
rCorr   .            e - +0 pair of gloves {infuse}
SInv    .            (no boots)
Will    +....        (no amulet) Stlth
                     E - +5 ring of evasion
HPRegen 0.31/turn    i - ring of willpower
MPRegen 0.12/turn

%: no passive effects
@: lethally poisoned (-1 -> -12)
A: no striking features
a: Renounce Religion


You were on level 6 of the Dungeon.
You worshipped Qazlal.
Qazlal was noncommittal.
You visited 2 branches of the dungeon, and saw 7 of its levels.
You also visited: Sewer.

You collected 238 gold pieces.
You spent 39 gold pieces at shops.


   Skills:
 + Level 4.8 Fighting
 + Level 12.5 Axes
 + Level 4.4 Armour
 - Level 3.2 Shields
 + Level 3.2 Invocations


You had 7 spell levels left.
You didn't know any spells.
Your spell library contained the following spells:

 Spells                   Type           Power      Damage    Failure   Level
 Sublimation of Blood     Necr           0%         N/A       91%         2
 Wereblood                Tmut           0%         N/A       91%         2
 Call Canine Familiar     Summ           0%         N/A       99%         3
 Sigil of Binding         Hex            0%         N/A       99%         3
 Animate Dead             Necr           0%         N/A       100%        4
 Dimensional Bullseye     Hex/Tloc       0%         N/A       100%        4
 Leda's Liquefaction      Hex/Erth       0%         N/A       100%        4
 Haunt                    Necr/Summ      0%         N/A       100%        7
 Summon Hydra             Summ           0%         N/A       100%        7
 Infestation              Necr           0%         N/A       100%        8

Inventory:

Hand Weapons
 a - a +1 war axe
 r - a +1 war axe of flaming (weapon)
   (You found it on level 4 of the Dungeon)
Missiles
 h - 46 stones
 o - 4 poisoned darts
 q - 3 boomerangs
 s - 2 curare-tipped darts {=f}
Armour
 b - a +0 scale mail (worn)
 c - a +0 buckler (worn)
 e - a +0 pair of gloves of infusion (worn)
   (You found it on level 2 of the Dungeon)
 j - a +0 cloak (worn)
   (You found it on level 3 of the Dungeon)
 k - a +2 pair of gloves
   (You found it on level 1 of the Dungeon)
Magical Staves
 g - a staff of death {!a}
   (You found it on level 3 of the Dungeon)
Jewellery
 i - a ring of willpower (right hand)
   (You found it on level 1 of the Dungeon)
 E - a +5 ring of evasion (left hand)
   (You found it on level 4 of the Dungeon)
 W - a ring of magical power
   (You found it on level 1 of the Dungeon)
Wands
 t - a wand of iceblast (7)
   (You found it on level 5 of the Dungeon)
Scrolls
 x - a scroll of identify {@r1}
 y - a scroll of fog {unknown}
 z - a scroll of enchant armour {unknown}
Potions
 d - 4 potions of might
 f - 3 potions of heal wounds {@q2}
 l - 2 potions of lignification {unknown}
 m - a potion of ambrosia
 n - 2 potions of curing {@q1}
 p - a potion of berserk rage {!q}
 u - a potion of resistance {unknown}
 v - a potion of haste {unknown}
 w - 2 potions of mutation {unknown}

Dungeon Overview and Level Annotations

Branches:
Dungeon (6/15) Zot: 26161  Temple (1/1) D:5 Zot: 5923   Sewer (visited)

Altars:
Dithmenos
Fedhas
Gozag
Hepliaklqana
Kikubaaqudgha
Makhleb
Nemelex Xobeh
Okawaru
Qazlal
Ru
Sif Muna
Vehumet
Zin
The Shining One

Shops:
D:1 ( D:3

!![ . ..#
#############...#
#######.......#@Sf....#
...............)y......
#######.#####.#.####...
#.# #.#.# . #†# #.#.#
#.# #.#.# #.# ..... #.#
..... #.# .##.#


You could see a sleepcap, a killer bee and an adder.


Message History

You slash the killer bee! You burn the killer bee.
You kill the killer bee!
Qazlal accepts your kill.
You completely miss the killer bee.
You feel sick.
The killer bee stings you but does no damage. x2
The killer bee barely misses you.
You slash the killer bee! You burn the killer bee.
You kill the killer bee!
Qazlal accepts your kill.
You miss the killer bee.
You feel sick. The killer bee closely misses you.
The killer bee barely misses you. x2 😕 HP[-4] MP[-2]
You take 4 damage, and now have 58/67 hp.
You lost 2 mp, and now have 2/10 mp.
You closely miss the killer bee. You barely miss the killer bee.
You feel sick. The killer bee barely misses you.
The killer bee closely misses you. The killer bee stings you.
The killer bee closely misses you.
You slash the killer bee! You burn the killer bee.
You kill the killer bee!
Qazlal accepts your kill.
You barely miss the killer bee.
You feel sick. The killer bee stings you.
Your Invocations skill increases to level 3! 😮 HP[-13] MP[-1]
You take 13 damage, and now have 45/67 hp.
You lost 1 mp, and now have 1/10 mp.
You are too injured to fight recklessly!
You are too injured to fight recklessly!
You are too injured to fight recklessly!
You are too injured to fight recklessly!
Unknown command.
You barely miss the killer bee. You closely miss the killer bee.
You feel sick. The killer bee stings you!
You are more poisoned.
The killer bee poisons you! The killer bee stings you. x2
You are more poisoned.
The killer bee poisons you! 😮 HP[-10]
You take 10 damage, and now have 35/67 hp.
You hit the killer bee. You burn the killer bee.
You closely miss the killer bee. x2
You feel very sick. The killer bee stings you.
* * * LOW HITPOINT WARNING * * *
You are more poisoned.
The killer bee poisons you! The killer bee closely misses you.
The killer bee barely misses you. The killer bee stings you.
* * * LOW HITPOINT WARNING * * *
You are lethally poisoned!
The killer bee poisons you! You block the killer bee's attack.
The killer bee completely misses you. 😨 HP[-6] MP[-1]
You take 6 damage, and now have 29/67 hp.
You lost 1 mp, and now have 0/10 mp.
You slash the killer bee! You burn the killer bee.
You kill the killer bee!
Qazlal accepts your kill.
You slash the killer bee! You burn the killer bee. You slash the killer bee!
You burn the killer bee.
* * * LOW HITPOINT WARNING * * *
You feel extremely sick.
The killer bee stings you but does no damage.
The killer bee completely misses you. The killer bee misses you.
The killer bee completely misses you. 😨 HP[-6]
You take 6 damage, and now have 23/67 hp.
Unknown command.
You miss the adder. You miss the killer bee.
You completely miss the killer bee.
* * * LOW HITPOINT WARNING * * *
You feel very sick. The killer bee barely misses you.
The killer bee stings you but does no damage.
The adder misses you. 😨 HP[-5] MP[+1]
You take 5 damage, and now have 18/67 hp.
You slash the killer bee! You burn the killer bee.
You kill the killer bee!
Qazlal accepts your kill.
You miss the adder. You miss the killer bee.
* * * LOW HITPOINT WARNING * * *
You feel very sick. The killer bee closely misses you.
The adder closely misses you.
The killer bee barely misses you. 😱 HP[-5] MP[-1]
You take 5 damage, and now have 13/67 hp.
You lost 1 mp, and now have 0/10 mp.
Unknown command.
* * * LOW HITPOINT WARNING * * *
You feel very sick.
The killer bee stings you but does no damage.
The adder closely misses you. The killer bee closely misses you.
The adder closely misses you.
You see here a killer bee corpse. 😱 HP[-4]
You take 4 damage, and now have 9/67 hp.
You barely miss the adder. You miss the killer bee.
* * * LOW HITPOINT WARNING * * *
You feel very sick. The killer bee stings you!
You die...

Skill      XL: |  1  2  3  4  5  6  7  8 |
---------------+-------------------------+-----
Axes           | 3 4 5 6 8 9 11 12 | 12.5
Fighting       | 4 |  4.8
Invocations    | 3 |  3.2
Armour         | 4 |  4.4
Shields        | |  3.2

Action                     |  1- 3 |  4- 6 |  7- 9 || total
---------------------------+-------+-------+-------++-------
  Melee: War axe           |    78 |   136 |   121 ||   335
    Use: Scroll            |     3 |     4 |     2 ||     9
         Potion            |     1 |       |       ||     1
 Armour: Scale mail        |    50 |    87 |    64 ||   201
  Dodge: Dodged            |    35 |    63 |    96 ||   194
  Block: Buckler           |    32 |    32 |    22 ||    86

Levels and vault maps discovered:
D:1:      eino_arrival_druids_welcome, layout_basic, serial_shops, shop
D:2:      layout_basic, shapermc_ecumenical_altar_hornbeckon, serial_forest,
          infiniplex_forest_straight_5, infiniplex_forest_clump_cross,
          infiniplex_forest_end_2, infiniplex_forest_zigzag_1,
          infiniplex_forest_end_2, minmay_tromino_v4_a, uniq_terence
D:3:      layout_basic, serial_shops, shop, nicolae_shop_window_shopping, shop
D:4:      layout_basic
D:5:      layout_loops_ring, lemuel_crystal_altar,
          minmay_temple_entry_statues_fountains, cheibrodos_sewer_entry_drain,
          uniq_crazy_yiuf_cottage
D:6:      layout_loops_ring, mainiacjoe_overflow_small_starburst,
          mainiacjoe_overflow_tiny_flanked, hellmonk_guarded_unrand_lears
Temple:   minmay_temple_forest_path

Notes
Turn   | Place    | Note
-------+----------+-------------------------------------------
     0 | D:1      | kae the Hill Orc Fighter began the quest for the Orb.
     0 | D:1      | Reached XP level 1. HP: 19/19 MP: 1/1
     0 | D:1      | magus.rc [v1.11.3]
     7 | D:1      | Reached skill level 3 in Axes
    48 | D:1      | Found Ataduh's Antique Weapon Shop.
   335 | D:1      | Reached XP level 2. HP: 26/26 MP: 2/2
   830 | D:2      | Reached skill level 4 in Axes
   835 | D:2      | Reached XP level 3. HP: 29/31 MP: 3/3
  1002 | D:2      | You pick up a book of Blood and begin reading...
  1002 | D:2      | You add the spells Sublimation of Blood, Wereblood and
                  | Summon Hydra to your library.
  1073 | D:2      | Noticed Terence
  1079 | D:2      | Killed Terence
  1080 | D:2      | Reached skill level 5 in Axes
  1499 | D:2      | Found a faded altar of an unknown god.
  1583 | D:3      | Reached XP level 4. HP: 39/39 MP: 2/4
  1745 | D:3      | You pick up a book of the Hunter and begin reading...
  1745 | D:3      | You add the spells Sigil of Binding, Call Canine Familiar,
                  | Dimensional Bullseye and Leda's Liquefaction to your
                  | library.
  1967 | D:3      | Reached skill level 6 in Axes
  2216 | D:3      | Found Woczela's Armour Emporium.
  2274 | D:3      | Reached XP level 5. HP: 14/45 MP: 0/5
  2482 | D:3      | Reached skill level 7 in Axes
  2536 | D:3      | Found Vurchoteo's Distillery.
  2595 | D:3      | Found Ituegirch's Distillery.
  2605 | D:3      | Bought a potion of curing for 39 gold pieces
  3013 | D:4      | HP: 11/45 [orc/+0 hand axe (2)]
  3016 | D:4      | Reached skill level 8 in Axes
  3016 | D:4      | Reached XP level 6. HP: 10/51 MP: 1/6
  3942 | D:5      | Entered Level 5 of the Dungeon
  3973 | D:5      | Identified the +4 great mace of Youthful Indiscretion
                  | {freeze, rC+ rN+}
  4042 | D:5      | Reached skill level 9 in Axes
  4055 | D:5      | You fall into a shaft and drop 1 floor!
  4057 | D:6      | Found a radiant altar of Vehumet.
  4088 | D:6      | Reached XP level 7. HP: 32/57 MP: 2/7
  4104 | D:6      | Reached skill level 10 in Axes
  4124 | D:5      | Found a shimmering blue altar of Sif Muna.
  4165 | D:5      | Found a glowing drain.
  4180 | D:5      | Reached skill level 11 in Axes
  4205 | Sewer    | Entered a sewer
  4499 | Sewer    | Reached XP level 8. HP: 64/64 MP: 5/8
  4706 | Sewer    | Reached skill level 12 in Axes
  4911 | D:5      | Found a staircase to the Ecumenical Temple.
  4959 | D:5      | You pick up a book of Death and begin reading...
  4959 | D:5      | You add the spells Animate Dead, Haunt and Infestation to
                  | your library.
  4969 | Temple   | Entered the Ecumenical Temple
  5010 | Temple   | Became a worshipper of Qazlal Stormbringer
  5301 | D:5      | Found a runed translucent door.
  5302 | D:5      | Noticed Crazy Yiuf
  5309 | D:5      | Killed Crazy Yiuf
  5349 | D:6      | Reached skill level 4 in Fighting
  5349 | D:6      | Reached skill level 1 in Invocations
  5493 | D:6      | Reached skill level 2 in Invocations
  5513 | D:6      | Reached skill level 4 in Armour
  5523 | D:6      | Reached skill level 3 in Invocations
  5527 | D:6      | HP: 13/67 [poisoned by a killer bee]
  5529 | D:6      | Slain by a killer bee

Vanquished Creatures
  A water moccasin (D:6)
  2 black bears (D:6)
  2 ogres
  2 kobold brigands (Sewer)
  A scorpion (D:6)
  5 killer bees (D:6)
  2 jellies (D:5)
  Crazy Yiuf (D:5)
  An orc priest (D:3)
  5 hounds
  An iguana (D:4)
  3 orc wizards
  2 sleepcaps (D:5)
  Terence (D:2)
  4 gnolls (D:3)
  2 adders
  A shadow imp (D:5)
  3 worms
  3 dart slugs
  19 orcs
  7 bats
  6 endoplasms
  7 giant cockroaches
  6 goblins
  7 hobgoblins
  6 quokkas
  10 ball pythons
  2 frilled lizards
  17 kobolds
  13 rats
142 creatures vanquished.

Table legend:
 A = Non-vault XP
 B = Vault XP
 C = Vault XP percentage of total XP
 D = Non-vault monster count
 E = Vault monster count
 F = Vault count percentage of total count
                 A         B        C        D         E       F
            +---------+---------+-------+---------+---------+-------
      Total |    1794 |     324 |  15.3 |     108 |      34 |  23.9
            +---------+---------+-------+---------+---------+-------
        D:1 |      13 |       0 |   0.0 |      10 |       0 |   0.0
        D:2 |      33 |      35 |  51.5 |      13 |       3 |  18.8
        D:3 |     150 |       0 |   0.0 |      30 |       0 |   0.0
        D:4 |     201 |       0 |   0.0 |      20 |       0 |   0.0
        D:5 |     456 |      54 |  10.6 |      23 |       4 |  14.8
        D:6 |     941 |       0 |   0.0 |      12 |       0 |   0.0
      Sewer |       0 |     235 | 100.0 |       0 |      27 | 100.0
            +---------+---------+-------+---------+---------+-------

Skill      XL: |  1  2  3  4  5  6  7  8 |
---------------+-------------------------+-----
Axes           | 3 4 5 6 8 9 11 12 | 12.5
Fighting       | 4 |  4.8
Invocations    | 3 |  3.2
Armour         | 4 |  4.4
Shields        | |  3.2

Action                     |  1- 3 |  4- 6 |  7- 9 || total
---------------------------+-------+-------+-------++-------
  Melee: War axe           |    78 |   136 |   121 ||   335
    Use: Scroll            |     3 |     4 |     2 ||     9
         Potion            |     1 |       |       ||     1
 Armour: Scale mail        |    50 |    87 |    64 ||   201
  Dodge: Dodged            |    35 |    63 |    96 ||   194
  Block: Buckler           |    32 |    32 |    22 ||    86

Illustrated notes

Table legend:
 A = Kills in this place as a percentage of kills in the entire game.
 B = Kills by you in this place as a percentage of kills by you in the entire game.
 C = Kills by friends in this place as a percentage of kills by friends in the entire game.
 D = Other kills in this place as a percentage of other kills in the entire game.
 E = Experience gained in this place as a percentage of experience gained in the entire game.
 F = Experience gained in this place divided by the number of levels of this place that you have seen.
                   A       B       C       D       E      F
               +-------+-------+-------+-------+-------+----------------------
         Total | 100.0 | 100.0 |   N/A |   N/A | 100.0 | 264.8
       Dungeon |  81.0 |  81.0 |   N/A |   N/A |  88.9 | 313.8
         Sewer |  19.0 |  19.0 |   N/A |   N/A |  11.1 | 235.0
               +-------+-------+-------+-------+-------+----------------------

Table legend: (Time is in decaauts)
 A = Elapsed time spent in this place.
 B = Non-inter-level travel time spent in this place.
 C = Inter-level travel time spent in this place.
 D = Time resting spent in this place.
 E = Time spent auto-exploring this place.
 F = Levels seen in this place.
 G = Mean time per level.
                   A        B        C        D        E       F      G
               +--------+--------+--------+--------+--------+-----+--------+
         Total |   5611 |   5329 |    282 |    230 |   4176 |   8 |  701.4 |
       Dungeon |   4944 |   4731 |    213 |    147 |   3779 |   6 |  824.0 |
        Temple |     76 |      7 |     69 |      0 |      6 |   1 |   76.0 |
         Sewer |    590 |    590 |      0 |     83 |    391 |   1 |  590.0 |
               +--------+--------+--------+--------+--------+-----+--------+

Top non-repeatable levels by time:
     D:3: 1252 daAuts
     D:4: 1184 daAuts
     D:1: 786 daAuts
     D:2: 769 daAuts
     D:5: 702 daAuts
   Sewer: 590 daAuts
     D:6: 249 daAuts
  Temple: 76 daAuts
